 Dungeon Crawl Stone Soup version 0.28-a0-397-g1a7b1a870f (webtiles) character file.

Game seed: 11209796482966453197

8722 Gargoyl the Fighter (level 11, 0/89 HPs)
             Began as a Gnoll Abyssal Knight on Sept 4, 2021.
             Was a Priest of Lugonu.
             Slain by a sixfirhy (9 damage)
             ... summoned by Lugonu's corruption
             ... on level 11 of the Dungeon.
             The game lasted 00:18:30 (16170 turns).

Gargoyl the Fighter (Gnoll Abyssal Knight)         Turns: 16170, Time: 00:18:30

Health: 0/89       AC: 20    Str: 14    XL:     11   Next: 35%
Magic:  12/20      EV:  6    Int: 12    God:    Lugonu [***...]
Gold:   384        SH:  0    Dex: 12    Spells: 22/22 levels left

rFire   . . .      SeeInvis .   f - +2 lajatang (elec)
rCold   . . .      Faith    .   (shield currently unavailable)
rNeg    . . .      Spirit   .   u - +0 plate armour
rPois   +          Reflect  .   m - +0 helmet
rElec   .          Harm     .   c - +0 cloak
rCorr   .          Rampage  .   j - +2 pair of gloves
Will    .....                   g - +0 pair of boots
Stlth   ..........              (no amulet)
HPRegen 0.24/turn               b - ring of poison resistance
MPRegen 0.17/turn               (no ring)

@: no status effects
A: fangs 1, strong nose, distributed training
a: Renounce Religion, Depart the Abyss, Bend Space, Banish


You were on level 11 of the Dungeon.
You worshipped Lugonu.
Lugonu was most pleased with you.
You visited 1 branch of the dungeon, and saw 11 of its levels.
You visited the Abyss 1 time.
You also visited: Sewer.

You collected 529 gold pieces.
You spent 145 gold pieces at shops.

Inventory:

Hand Weapons
 a - a +2 hand axe of protection
 f - a +2 lajatang of electrocution (weapon)
Missiles
 t - 27 poisoned darts (quivered)
Armour
 c - a +0 cloak (worn)
 g - a +0 pair of boots (worn)
 j - a +2 pair of gloves (worn)
 m - a +0 helmet (worn)
 u - a +0 plate armour (worn)
Jewellery
 b - a ring of poison resistance (left hand)
 d - a ring of ice
Scrolls
 i - 4 scrolls of blinking
 l - a scroll of holy word
 p - 3 scrolls of identify
Potions
 e - 3 potions of brilliance
 h - a potion of resistance
 k - a potion of might
 n - 4 potions of haste
 o - 2 potions of flight
 r - a potion of magic
 s - a potion of curing


   Skills:
 + Level 9.1 Fighting
 + Level 6.2 Short Blades
 + Level 6.2 Long Blades
 + Level 7.8 Axes
 + Level 6.2 Maces & Flails
 + Level 6.2 Polearms
 + Level 6.2 Staves
 + Level 6.2 Slings
 + Level 6.2 Bows
 + Level 6.2 Crossbows
 + Level 6.2 Throwing
 + Level 7.8 Armour
 + Level 6.8 Dodging
 + Level 6.2 Stealth
 + Level 6.2 Shields
 + Level 6.2 Unarmed Combat
 + Level 6.2 Spellcasting
 + Level 5.1 Conjurations
 + Level 5.1 Hexes
 + Level 5.1 Summonings
 + Level 5.1 Necromancy
 + Level 5.1 Translocations
 + Level 5.1 Transmutations
 + Level 5.1 Fire Magic
 + Level 5.1 Ice Magic
 + Level 5.1 Air Magic
 + Level 5.1 Earth Magic
 + Level 5.1 Poison Magic
 + Level 8.3 Invocations
 + Level 6.2 Evocations


You had 22 spell levels left.
You didn't know any spells.
Your spell library contained the following spells:

 Spells                   Type           Power      Damage    Failure   Level
 Corona                   Hex            17%        N/A       77%         1
 Foxfire                  Conj/Fire      64%        2x1d7     77%         1
 Magic Dart               Conj           64%        1d6       77%         1
 Call Imp                 Summ           16%        N/A       88%         2
 Corpse Rot               Necr/Air       N/A        N/A       88%         2
 Ensorcelled Hibernation  Hex/Ice        32%        N/A       88%         2
 Poisonous Vapours        Pois/Air       32%        N/A       88%         2
 Conjure Flame            Conj/Fire      16%        6-21      98%         3
 Dazzling Flash           Conj/Hex       32%        N/A       98%         3
 Inner Flame              Hex/Fire       16%        N/A       98%         3
 Mephitic Cloud           Conj/Pois/Air  16%        N/A       98%         3
 Tukima's Dance           Hex            16%        N/A       98%         3
 Flame Wave               Conj/Fire      16%        3d5       100%        4
 Fulminant Prism          Conj/Hex       8%         3d7       100%        4
 Iskenderun's Mystic Bla  Conj/Tloc      16%        2d5       100%        4
 Passage of Golubria      Tloc           N/A        N/A       100%        4
 Agony                    Necr           16%        N/A       100%        5
 Lee's Rapid Deconstruct  Erth           8%         3d8*      100%        5
 Silence                  Hex/Air        8%         N/A       100%        5
 Summon Forest            Summ/Tloc      8%         N/A       100%        5
 Yara's Violent Unravell  Hex/Tmut       8%         3d5       100%        5
 Eringya's Noxious Bog    Tmut/Pois      8%         N/A       100%        6
 Summon Hydra             Summ           8%         N/A       100%        7


Dungeon Overview and Level Annotations

Branches:
Dungeon (11/15)            Temple (0/1) D:5            Lair (0/6) D:11
    Orc (0/2) D:10          Sewer (visited)

Altars:
Ashenzari
Elyvilon
Gozag
Hepliaklqana
Kikubaaqudgha
Okawaru
Qazlal
Sif Muna
Trog
Uskayaw
Yredelemnul
Zin
The Shining One

Shops:
D:3 *   D:4 ![

Annotations:
D:11 corrupted, exclusion: oklob plant


Innate Abilities, Weirdness & Mutations

You have very sharp teeth.
Your uncanny sense of smell can sniff out nearby items.
Your experience applies equally to all skills.


Message History

The hornet stings you but does no damage.
The hornet stings you!
You feel yourself slow down.
The vampire casts a spell.
The vampire flickers and vanishes!
Deactivating autopickup; reactivate with Ctrl-A.
Unknown command.
You miss the hornet. The hornet stings you.
You are poisoned.
The hornet stings you but does no damage.
Something hits you. Something bites you!
Something draws strength from your injuries!
You bump into the rock wall.
You feel yourself speed up.
You feel very sick. The hornet barely misses you.
Something hits you but does no damage. Something bites you.
Something draws strength from your injuries!
The hornet stings you. Something hits you but does no damage.
Something bites you!
Something draws strength from your injuries!
The hornet stings you.
* * * LOW HITPOINT WARNING * * *
You are more poisoned.
Okay, then.
You feel better. The hornet barely misses you.
Something hits you but does no damage. Something bites you but does no damage.
You fail to use your ability.
The hornet stings you. Something hits you but does no damage.
Something bites you but does no damage. The hornet stings you!
* * * LOW HITPOINT WARNING * * *
Lugonu's Hand of Corruption reaches out!
You can no longer corrupt the fabric of space.
The hornet closely misses you. Something hits you but does no damage.
Something bites you but does no damage.
Unknown command.
Space bends sharply around you!
The iron imp blinks!
The sixfirhy blinks!
You blink.
The sixfirhy hits you!
* * * LOW HITPOINT WARNING * * *
The sixfirhy shocks you!
You die...

###....######
##..#$..###.#.#####
#.#.##.....#...#[..
##W#.e.....#.#...#..
#Z.Z..##..#........#
#..[§)..........#..
#§§§.5........#.##
###.y#.#.........##
#.@3.......##.#####
#2.##.3.#z#.##.#.. #
#.# #...X.# ## ##.
#. #.##.#.. ....## .
#..## #... ## #.# #.
.. ## ##.


You could see a sixfirhy (summoned), a hornet, an iron imp (summoned), a neutral
blizzard demon (summoned), a neutral deep elf elementalist (summoned, repels
missiles), a neutral large abomination (summoned), a neutral ynoxinul (summoned)
and a neutral wight (summoned).

Vanquished Creatures
  2 two-headed ogres
  Pikel (D:8)
  A cyclops (D:11)
  Psyche (D:8)
  2 kobold demonologists (D:9)
  2 slime creatures (D:7)
  A wraith (D:11)
  A wyvern (D:9)
  5 yaks (D:9)
  6 water moccasins
  6 orc warriors
  A sky beast (D:7)
  2 ice beasts
  A phantom (D:6)
  3 kobold brigands
  A bullfrog (D:8)
  A gnoll sergeant (D:7)
  2 water moccasin zombies
  3 scorpions
  A wyvern zombie (D:7)
  7 killer bees (D:9)
  12 wights
  2 howler monkeys
  5 jellies
  A bullfrog zombie (D:7)
  5 hounds
  A gnoll shaman (D:3)
  3 orc priests
  3 iguanas
  6 orc wizards
  A gnoll zombie (D:7)
  2 howler monkey zombies (D:7)
  17 gnolls
  13 adders
  2 howler monkey skeletons
  An orc zombie (D:7)
  2 shadow imps (D:6)
  2 white imps
  A worm (D:5)
  4 dart slugs
  26 orcs
  9 endoplasms
  6 giant cockroaches
  9 goblins
  8 hobgoblins
  4 jackals
  3 quokkas
  7 ball pythons
  4 bats
  5 frilled lizards
  22 kobolds
  4 rats
240 creatures vanquished.

Vanquished Creatures (others)
  A kobold (D:3)
1 creature vanquished.

Grand Total: 241 creatures vanquished

Notes
Turn   | Place    | Note
-------+----------+-------------------------------------------
     0 | Abyss:1  | Gargoyl the Gnoll Abyssal Knight began the quest for the
                  | Orb.
     0 | Abyss:1  | Reached XP level 1. HP: 23/23 MP: 3/3
    82 | Abyss:1  | Noticed a wretched star
    83 | D:1      | Escaped the Abyss
   274 | D:1      | Reached XP level 2. HP: 29/29 MP: 5/5
   605 | D:1      | Reached * piety under Lugonu
   855 | D:1      | Reached XP level 3. HP: 35/35 MP: 6/6
  1123 | D:2      | Reached skill level 1 in Short Blades
  1123 | D:2      | Reached skill level 1 in Long Blades
  1123 | D:2      | Reached skill level 1 in Maces & Flails
  1123 | D:2      | Reached skill level 1 in Polearms
  1123 | D:2      | Reached skill level 1 in Staves
  1123 | D:2      | Reached skill level 1 in Slings
  1123 | D:2      | Reached skill level 1 in Bows
  1123 | D:2      | Reached skill level 1 in Crossbows
  1123 | D:2      | Reached skill level 1 in Throwing
  1123 | D:2      | Reached skill level 1 in Stealth
  1123 | D:2      | Reached skill level 1 in Shields
  1123 | D:2      | Reached skill level 1 in Unarmed Combat
  1123 | D:2      | Reached skill level 1 in Spellcasting
  1123 | D:2      | Reached skill level 1 in Evocations
  1384 | D:2      | Reached XP level 4. HP: 35/41 MP: 7/7
  1747 | D:3      | Reached ** piety under Lugonu
  1748 | D:3      | Reached skill level 1 in Conjurations
  1748 | D:3      | Reached skill level 1 in Hexes
  1748 | D:3      | Reached skill level 1 in Summonings
  1748 | D:3      | Reached skill level 1 in Necromancy
  1748 | D:3      | Reached skill level 1 in Translocations
  1748 | D:3      | Reached skill level 1 in Transmutations
  1748 | D:3      | Reached skill level 1 in Fire Magic
  1748 | D:3      | Reached skill level 1 in Ice Magic
  1748 | D:3      | Reached skill level 1 in Air Magic
  1748 | D:3      | Reached skill level 1 in Earth Magic
  1748 | D:3      | Reached skill level 1 in Poison Magic
  1754 | D:3      | Reached XP level 5. HP: 20/47 MP: 8/8
  2113 | D:3      | Found a stormy altar of Qazlal.
  2114 | D:3      | Found an ancient bone altar of Kikubaaqudgha.
  2292 | D:3      | Found a white marble altar of Elyvilon.
  2464 | D:3      | Found Tiaduiho's General Store.
  2470 | D:3      | Bought a scroll of teleportation for 33 gold pieces
  3233 | D:4      | Reached skill level 5 in Invocations
  3258 | D:4      | Found Gais's Distillery.
  3277 | D:4      | Reached XP level 6. HP: 47/53 MP: 9/9
  3278 | D:4      | Found a glowing drain.
  3285 | D:4      | Reached skill level 5 in Axes
  3285 | D:4      | Reached skill level 5 in Armour
  3365 | Sewer    | Entered a sewer
  3495 | Sewer    | Noticed a water moccasin
  3512 | Sewer    | Killed a water moccasin
  3513 | Sewer    | Reached XP level 7. HP: 51/59 MP: 10/10
  3779 | D:4      | Reached skill level 7 in Fighting
  3896 | D:4      | Found Nuproo's Armour Shoppe.
  3950 | D:4      | Found a glowing silver altar of Zin.
  4327 | D:4      | Bought a potion of heal wounds for 70 gold pieces
  4327 | D:4      | Bought a potion of curing for 42 gold pieces
  4870 | D:5      | Entered Level 5 of the Dungeon
  5323 | D:6      | Found a shimmering blue altar of Sif Muna.
  5516 | D:5      | Found a staircase to the Ecumenical Temple.
  5968 | D:5      | Reached XP level 8. HP: 66/67 MP: 12/12
  6402 | D:5      | Found a glowing golden altar of the Shining One.
  6404 | D:5      | Noticed an angel
  6793 | D:6      | Reached *** piety under Lugonu
  7092 | D:5      | Found a basalt altar of Yredelemnul.
  7094 | D:5      | Noticed a profane servitor
  7948 | D:6      | Reached XP level 9. HP: 70/72 MP: 14/14
  8373 | D:7      | Found a transporter.
  8786 | D:7      | Found a hide-covered altar of Uskayaw.
  8796 | D:7      | Found a bloodstained altar of Trog.
  8797 | D:7      | Found a broken altar of Ashenzari.
  8800 | D:7      | Found a hazy altar of Hepliaklqana.
  9471 | D:7      | Reached skill level 5 in Dodging
  9602 | D:7      | Found a transporter.
  9741 | D:7      | Noticed a two-headed ogre
  9771 | D:7      | Killed a two-headed ogre
  9772 | D:7      | Reached skill level 8 in Fighting
 10114 | D:8      | Reached **** piety under Lugonu
 10461 | D:8      | Noticed a two-headed ogre
 10491 | D:8      | Killed a two-headed ogre
 10492 | D:8      | Reached skill level 5 in Short Blades
 10492 | D:8      | Reached skill level 5 in Long Blades
 10492 | D:8      | Reached skill level 5 in Maces & Flails
 10492 | D:8      | Reached skill level 5 in Polearms
 10492 | D:8      | Reached skill level 5 in Staves
 10492 | D:8      | Reached skill level 5 in Slings
 10492 | D:8      | Reached skill level 5 in Bows
 10492 | D:8      | Reached skill level 5 in Crossbows
 10492 | D:8      | Reached skill level 5 in Throwing
 10492 | D:8      | Reached skill level 5 in Stealth
 10492 | D:8      | Reached skill level 5 in Shields
 10492 | D:8      | Reached skill level 5 in Unarmed Combat
 10492 | D:8      | Reached skill level 5 in Spellcasting
 10492 | D:8      | Reached skill level 5 in Evocations
 10492 | D:8      | Reached XP level 10. HP: 68/81 MP: 17/17
 10609 | D:8      | Noticed Pikel
 10665 | D:8      | Killed Pikel
 10948 | D:8      | HP: 4/82 [orc (7)]
 12808 | D:8      | Identified a scroll of acquirement
 12808 | D:8      | Acquired a +2 lajatang of electrocution
 12841 | D:8      | Noticed Psyche
 12851 | D:8      | Killed Psyche
 14139 | D:7      | HP: 3/82 [slime creature (6)]
 14634 | D:9      | Reached XP level 11. HP: 30/87 MP: 19/19
 15096 | D:9      | Reached skill level 9 in Fighting
 15106 | D:9      | Reached skill level 5 in Conjurations
 15106 | D:9      | Reached skill level 5 in Hexes
 15106 | D:9      | Reached skill level 5 in Summonings
 15106 | D:9      | Reached skill level 5 in Necromancy
 15106 | D:9      | Reached skill level 5 in Translocations
 15106 | D:9      | Reached skill level 5 in Transmutations
 15106 | D:9      | Reached skill level 5 in Fire Magic
 15106 | D:9      | Reached skill level 5 in Ice Magic
 15106 | D:9      | Reached skill level 5 in Air Magic
 15106 | D:9      | Reached skill level 5 in Earth Magic
 15106 | D:9      | Reached skill level 5 in Poison Magic
 15470 | D:9      | Found an opulent altar of Gozag.
 15706 | D:9      | Found an iron altar of Okawaru.
 15707 | D:9      | You fall into a shaft and drop 2 floors!
 15899 | D:11     | Noticed a cyclops
 15906 | D:11     | Killed a cyclops
 15962 | D:11     | Found a staircase to the Lair.
 15962 | D:11     | Noticed an oklob plant
 16035 | D:10     | Entered Level 10 of the Dungeon
 16040 | D:10     | Found a staircase to the Orcish Mines.
 16169 | D:11     | Corrupted D:11
 16169 | D:11     | Noticed a sixfirhy
 16169 | D:11     | Noticed a deep elf elementalist
 16170 | D:11     | Noticed a blizzard demon
 16170 | D:11     | Slain by a sixfirhy

Illustrated notes

Levels and vault maps discovered:
D:1:      dpeg_arrival_chambers_temple_mockup, layout_basic
D:2:      layout_rooms
D:3:      layout_basic, mainiacjoe_overflow_big_doors, elyvilon_altar_4,
          serial_shops, nicolae_shop_competitors_out_of_business
D:4:      layout_loops_ring, zin_scriptorium, serial_shops,
          kennysheep_mini_moat, shop_fountains, gup_sewer_entry_glass
D:5:      minmay_angry_zag, layout_basic, grunt_temple_overflow_holy_war,
          minmay_temple_entry_mini_moons, kennysheep_generic_room_16
D:6:      layout_basic, mainiacjoe_overflow_cross_hatched
D:7:      gammafunk_cloud_chamber, layout_basic, minitemple, amethyst_killhole
D:8:      layout_layer_cave, minmay_misc_feat_pillars, uniq_psyche, uniq_pikel
D:9:      layout_loops_ring, kennysheep_mini,
          mainiacjoe_overflow_small_starburst, grunt_livestock,
          minmay_quadrilaterals
D:10:     layout_loops_cross, erik_orc_4, hangedman_decor_peaks_small,
          grunt_ministairs_5, uniq_josephine
D:11:     layout_big_octagon, dpeg_oklobed_lair, uniq_grum

Skill      XL: |  1  2  3  4  5  6  7  8  9 10 11 |
---------------+----------------------------------+-----
Short Blades   | 1 2 3 5 6 |  6.2
Long Blades    | 1 2 3 5 6 |  6.2
Maces & Flails | 1 2 3 5 6 |  6.2
Polearms       | 1 2 3 5 6 |  6.2
Staves         | 1 2 3 5 6 |  6.2
Slings         | 1 2 3 5 6 |  6.2
Bows           | 1 2 3 5 6 |  6.2
Crossbows      | 1 2 3 5 6 |  6.2
Throwing       | 1 2 3 5 6 |  6.2
Stealth        | 1 2 3 5 6 |  6.2
Shields        | 1 2 3 5 6 |  6.2
Unarmed Combat | 1 2 3 5 6 |  6.2
Spellcasting   | 1 2 3 5 6 |  6.2
Evocations     | 1 2 3 5 6 |  6.2
Conjurations   | 1 2 3 4 5 |  5.1
Hexes          | 1 2 3 4 5 |  5.1
Summonings     | 1 2 3 4 5 |  5.1
Necromancy     | 1 2 3 4 5 |  5.1
Translocations | 1 2 3 4 5 |  5.1
Transmutations | 1 2 3 4 5 |  5.1
Fire Magic     | 1 2 3 4 5 |  5.1
Ice Magic      | 1 2 3 4 5 |  5.1
Air Magic      | 1 2 3 4 5 |  5.1
Earth Magic    | 1 2 3 4 5 |  5.1
Poison Magic   | 1 2 3 4 5 |  5.1
Dodging        | 3 4 5 6 |  6.8
Invocations    | 5 6 7 8 |  8.3
Axes           | 5 6 7 |  7.8
Armour         | 5 6 7 |  7.8
Fighting       | 7 8 9 |  9.1

Action                   |  1- 3 |  4- 6 |  7- 9 | 10-12 || total
-------------------------+-------+-------+-------+-------++-------
Melee: Hand axe          |    99 |   171 |   701 |   129 ||  1100
       Bite              |     8 |    19 |    74 |    36 ||   137
       Punch             |       |     2 |     7 |     4 ||    13
       Lajatang          |       |       |       |   226 ||   226
Throw: Boomerang         |       |     3 |     5 |       ||     8
       Dart              |       |       |    14 |    29 ||    43
Invok: Depart the Abyss  |     1 |       |       |       ||     1
       Bend Space        |       |       |     2 |     2 ||     4
       Banish            |       |       |       |     1 ||     1
       Corrupt           |       |       |       |     1 ||     1
  Use: Scroll            |     1 |     6 |     8 |     7 ||    22
       Potion            |       |     1 |     2 |     5 ||     8
 Stab: Sleeping          |     1 |       |     1 |       ||     2
Armor: Leather armour    |    16 |       |       |       ||    16
       Scale mail        |    32 |   124 |   377 |       ||   533
       Chain mail        |       |       |    55 |   293 ||   348
       Plate armour      |       |       |       |    58 ||    58
Dodge: Dodged            |    68 |    86 |   389 |   200 ||   743

Table legend: (Time is in decaauts)
 A = Elapsed time spent in this place.
 B = Non-inter-level travel time spent in this place.
 C = Inter-level travel time spent in this place.
 D = Time resting spent in this place.
 E = Time spent auto-exploring this place.
 F = Levels seen in this place.
 G = Mean time per level.
                   A        B        C        D        E       F      G
               +--------+--------+--------+--------+--------+-----+--------+
         Total |  16239 |  15936 |    303 |   3390 |   9256 |  13 | 1249.2 |
       Dungeon |  15907 |  15604 |    303 |   3390 |   8997 |  11 | 1446.1 |
         Abyss |     83 |     83 |      0 |      0 |     67 |   1 |   83.0 |
         Sewer |    249 |    249 |      0 |      0 |    191 |   1 |  249.0 |
               +--------+--------+--------+--------+--------+-----+--------+

Top non-repeatable levels by time:
     D:7: 3500 daAuts
     D:8: 2286 daAuts
     D:5: 2104 daAuts
     D:6: 1715 daAuts
     D:3: 1546 daAuts
     D:4: 1488 daAuts
     D:9: 1243 daAuts
     D:1: 871 daAuts
     D:2: 672 daAuts
    D:11: 447 daAuts
   Sewer: 249 daAuts
 Abyss:1: 83 daAuts
    D:10: 31 daAuts
